 Dungeon Crawl Stone Soup version 0.26-a0-664-gc8b27b8fc1 (webtiles) character file.

Game seed: 13965611609264214209

7 Gargoyl the Skirmisher (level 2, -7/29 HPs)
             Began as a Gnoll Abyssal Knight on Oct 13, 2020.
             Was a Follower of Lugonu.
             Mangled by a small abomination (9 damage)
             ... on level 1 of the Abyss.
             The game lasted 00:00:23 (200 turns).

Gargoyl the Skirmisher (Gnoll Abyssal Knight)        Turns: 200, Time: 00:00:24

Health: -7/29      AC:  3    Str: 14    XL:     2   Next: 0%
Magic:  5/5        EV: 12    Int: 14    God:    Lugonu [*.....]
Gold:   11         SH:  0    Dex: 14    Spells: 1/1 levels left

rFire    . . .     SeeInvis .   a - +1 hand axe
rCold    . . .     Faith    .   (no shield)
rNeg     . . .     Spirit   .   b - +0 leather armour
rPois    .         Reflect  .   (no helmet)
rElec    .         Harm     .   (no cloak)
rCorr    .         Rampage  .   (no gloves)
MR       .....                  (no boots)
Stlth    +.........             (no amulet)
HPRegen  0.09/turn              (no ring)
MPRegen  0.09/turn              (no ring)

@: slowed, very slow
A: distributed training, fangs 1, strong nose
a: Depart the Abyss, Renounce Religion


You were on level 1 of the Abyss.
You worshipped Lugonu.
Lugonu was aware of your devotion.
You visited 0 branches of the dungeon, and saw 0 of its levels.
You visited the Abyss 1 time.

You collected 11 gold pieces.

Inventory:

Hand Weapons
 a - a +1 hand axe (weapon)
Armour
 b - a +0 leather armour (worn)
Scrolls
 c - a scroll of amnesia {unknown}
 d - a scroll of identify {unknown}


   Skills:
 + Level 6.4 Fighting
 + Level 0.2 Short Blades
 + Level 0.2 Long Blades
 + Level 4.4 Axes
 + Level 0.2 Maces & Flails
 + Level 0.2 Polearms
 + Level 0.2 Staves
 + Level 0.2 Slings
 + Level 0.2 Bows
 + Level 0.2 Crossbows
 + Level 0.2 Throwing
 + Level 4.4 Armour
 + Level 2.4 Dodging
 + Level 0.2 Stealth
 + Level 0.2 Shields
 + Level 0.2 Unarmed Combat
 + Level 0.2 Spellcasting
 + Level 0.1 Conjurations
 + Level 0.1 Hexes
 + Level 0.1 Summonings
 + Level 0.1 Necromancy
 + Level 0.1 Translocations
 + Level 0.1 Transmutations
 + Level 0.1 Fire Magic
 + Level 0.1 Ice Magic
 + Level 0.1 Air Magic
 + Level 0.1 Earth Magic
 + Level 0.1 Poison Magic
 + Level 4.4 Invocations
 + Level 0.2 Evocations


You had one spell level left.
You didn't know any spells.
Your spell library was empty.

Dungeon Overview and Level Annotations

Branches:
Dungeon (0/15)

Altars:


Innate Abilities, Weirdness & Mutations

Your experience applies equally to all skills.
You have very sharp teeth.
Your uncanny sense of smell can sniff out nearby items.


Message History

Something tries to feed on your intellect!
The small abomination closely misses you.
The small abomination barely misses you.
The wizard mumbles some strange words.
The wizard glows brightly for a moment.
The neqoxec gestures at you.
Something tries to feed on your intellect!
The small abomination barely misses you.
The small abomination closely misses you.
The small abomination hits you but does no damage.
The small abomination hits you. The small abomination hits you.
The wizard casts a spell.
The wizard seems to speed up.
The small abomination hits you!
Ouch! That really hurt!
* * * LOW HITPOINT WARNING * * *
The wizard points at you and mumbles some strange words.
You feel yourself slow down. The small abomination hits you!
You die...

## # .# .. .##. ..#.
##..# ...
#...##..#.#
#.@#.#...# ##
#.x...# ### .
#.#...###..
...#.#p##.###### .#
####..##5..5.#..##.#
.....#.##.#3### #
###..####.## .#.###
#.#. ..#...#5# . ..
#..###.##.#.#


You could see a wizard (fast), a small abomination and an ufetubus (summoned).

Vanquished Creatures
  A white imp (Abyss:1)
1 creature vanquished.

Notes
Turn   | Place    | Note
-------+----------+-------------------------------------------
     0 | Abyss:1  | Gargoyl the Gnoll Abyssal Knight began the quest for the
                  | Orb.
     0 | Abyss:1  | Reached XP level 1. HP: 23/23 MP: 3/3
    47 | Abyss:1  | Reached XP level 2. HP: 9/29 MP: 5/5
   100 | Abyss:1  | Noticed a wraith
   166 | Abyss:1  | Noticed an ancient zyme
   170 | Abyss:1  | Noticed a wizard
   173 | Abyss:1  | Noticed a neqoxec
   175 | Abyss:1  | Noticed a small abomination
   198 | Abyss:1  | HP: 1/29 [small abomination (15)]
   200 | Abyss:1  | Mangled by a small abomination

Illustrated notes

Levels and vault maps discovered:
Abyss:1:  hangedman_abyss_mock_shop

Action                   || total
-------------------------++-------
Melee: Hand axe          ||     6
Armor: Leather armour    ||     2
Dodge: Dodged            ||     7

Table legend: (Time is in decaauts)
 A = Elapsed time spent in this place.
 B = Non-inter-level travel time spent in this place.
 C = Inter-level travel time spent in this place.
 D = Time resting spent in this place.
 E = Time spent auto-exploring this place.
 F = Levels seen in this place.
 G = Mean time per level.
                   A        B        C        D        E       F      G
               +--------+--------+--------+--------+--------+-----+--------+
         Total |    200 |    200 |      0 |      0 |    136 |   1 |  200.0 |
         Abyss |    200 |    200 |      0 |      0 |    136 |   1 |  200.0 |
               +--------+--------+--------+--------+--------+-----+--------+

Top non-repeatable levels by time:
 Abyss:1: 200 daAuts
